 Dungeon Crawl Stone Soup version 0.21.1-1-g345015fe64 (webtiles) character file.

417 Gargoyl the Skirmisher (level 6, 0/78 HPs)
             Began as a Centaur Abyssal Knight on May 10, 2018.
             Was a Priest of Lugonu.
             Succumbed to kalodont's ghost's poison
             ... on level 4 of the Dungeon.
             The game lasted 00:05:51 (3999 turns).

Gargoyl the Skirmisher (Centaur Abyssal Knight)     Turns: 3999, Time: 00:05:52

Health: 0/78       AC: 23    Str: 15    XL:     6   Next: 61%
Magic:  8/8        EV:  1    Int: 11    God:    Lugonu [***...]
Gold:   180        SH:  0    Dex: 10    Spells: 5/5 levels left

rFire    . . .     SeeInvis .   a - +2 hand axe
rCold    . . .     Gourm    .   (no shield)
rNeg     + + +     Faith    .   (armour currently unavailable)
rPois    +         Spirit   .   (helmet currently unavailable)
rElec    .         Reflect  .   (cloak currently unavailable)
rCorr    .         Harm     .   (gloves currently unavailable)
MR       .....     NoTele   +   (no barding)
Stlth    +.........             (no amulet)
HPRegen  0.23/turn              (no ring)
MPRegen  0.11/turn              (no ring)

@: lethally poisoned (0 -> -13), tree-form
A: large
a: Depart the Abyss, Bend Space, Banish, Renounce Religion


You were on level 4 of the Dungeon.
You worshipped Lugonu.
Lugonu was most pleased with you.
You were hungry.
You were a tree.
You visited 1 branch of the dungeon, and saw 4 of its levels.
You visited the Abyss 1 time.

You collected 180 gold pieces.

Inventory:

Hand Weapons
 a - a +2 hand axe (weapon)
Armour
 d - a +0 helmet (melded)
 i - a +0 pair of gloves (melded)
 k - a +0 chain mail (melded)
Wands
 b - a wand of paralysis (4)
Scrolls
 g - 2 scrolls of identify
Potions
 h - a potion of flight
Comestibles
 c - 10 rations


   Skills:
 + Level 4.1 Fighting
 + Level 3.7 Axes
 * Level 3.3 Armour
 + Level 1.2 Dodging
 * Level 3.3 Invocations


You had 5 spell levels left.
You didn't know any spells.

Dungeon Overview and Level Annotations

Branches:
Dungeon (4/15)
 Temple: D:4-7

Altars:

Annotations:
D:4 kalodont's ghost, amateur KoEn


Innate Abilities, Weirdness & Mutations

((You have hooves in place of feet.))
((Armour fits poorly on your strangely shaped body.))
((You cover ground very quickly.))
((You have extremely tough skin. (AC +3)))


Message History

You miss kalodont's ghost.
Kalodont's ghost is heavily damaged.
* * * LOW HITPOINT WARNING * * *
You feel sick. Kalodont's ghost completely misses you.
You completely miss kalodont's ghost.
Kalodont's ghost is heavily damaged.
* * * LOW HITPOINT WARNING * * *
You feel sick.
Kalodont's ghost hits you but does no damage.
You are more poisoned.
Kalodont's ghost hits you but does no damage.
Okay, then.
You barely miss kalodont's ghost.
Kalodont's ghost is heavily damaged.
* * * LOW HITPOINT WARNING * * *
You feel sick.
Kalodont's ghost hits you but does no damage.
You miss kalodont's ghost.
You feel less confused.
You die...

***,,,,,*
*,**#..,,,,,,,,,≈,,,,
**,,,**
*,,....,*******,,,,,,
**,******###.#.#.## *,*****
*,,,,,,,,........# *,*
*********##.#.#.$#### *,*
#..........###,*
########.##.##....)..,*****
#.(......)..[..!.....,,,,,,
#........"♣...#..###*,,,,,,
#.######.##W#.#..####,*****
#.# #.##..........,* * #.#
#.####....####** * #.#
#.#,,.....(...,* *
#######.# #.#,####..####,*
* .......<# #).>,,,,..# *,*
* #.#####.# ###,****#.# *,*
** 8...# #.# *,* *.# *,*
**,


You could see kalodont's ghost.

Vanquished Creatures
  Sigmund (D:3)
  An orc wizard (D:4)
  Ijyb (D:3)
  Robin (D:3)
  5 adders
  4 gnolls (D:3)
  An adder skeleton (D:4)
  3 dart slugs (D:1)
  3 leopard geckos
  4 orcs (D:4)
  2 ball pythons
  3 giant cockroaches
  17 goblins
  10 hobgoblins
  5 jackals (D:2)
  2 quokkas (D:2)
  11 bats
  4 frilled lizards
  9 kobolds
  A leopard gecko skeleton (D:4)
  2 quokka skeletons (D:4)
  11 rats
101 creatures vanquished.

Notes
Turn   | Place    | Note
-------+----------+-------------------------------------------
     0 | Abyss:1  | Gargoyl the Centaur Abyssal Knight began the quest for the Orb.
     0 | Abyss:1  | Reached XP level 1. HP: 19/19 MP: 2/2
   128 | Abyss:1  | Found an opulent altar of Gozag.
   148 | Abyss:1  | Noticed a ynoxinul
   149 | D:1      | Escaped the Abyss
   240 | D:1      | Reached XP level 2. HP: 18/26 MP: 3/3
   268 | D:1      | Reached * piety under Lugonu
   696 | D:1      | Reached XP level 3. HP: 31/31 MP: 4/4
   817 | D:1      | Reached skill level 1 in Dodging
   873 | D:1      | Reached ** piety under Lugonu
  2280 | D:3      | Noticed Sigmund
  2331 | D:3      | Killed Sigmund
  2331 | D:3      | Reached XP level 4. HP: 27/40 MP: 4/6
  2331 | D:3      | Reached XP level 5. HP: 31/46 MP: 4/7
  2642 | D:3      | Noticed Ijyb
  2644 | D:3      | Paralysed by Ijyb for 7 turns
  2664 | D:3      | Killed Ijyb
  2664 | D:3      | Reached skill level 4 in Fighting
  2664 | D:3      | Reached XP level 6. HP: 50/52 MP: 8/8
  2992 | D:3      | Noticed Robin
  2998 | D:3      | Reached *** piety under Lugonu
  3011 | D:3      | Killed Robin
  3964 | D:4      | Noticed kalodont's ghost (amateur KoEn)
  3996 | D:4      | HP: 3/78 [poisoned by kalodont's ghost]
  3998 | D:4      | HP: 1/78 [poisoned by kalodont's ghost]
  3999 | D:4      | Succumbed to kalodont's ghost's poison

Skill      XL: |  1  2  3  4  5  6 |
---------------+-------------------+-----
Axes           | 2 3 |  3.7
Dodging        | 1 |  1.2
Armour         | 2 3 |  3.3
Invocations    | 3 |  3.3
Fighting       | 4 |  4.1

Action                   |  1- 3 |  4- 6 || total
-------------------------+-------+-------++-------
Melee: Hand axe          |   164 |   187 ||   351
       Kick              |    21 |    29 ||    50
Invok: Depart the Abyss  |     1 |       ||     1
  Use: Potion            |     6 |     3 ||     9
       Scroll            |     3 |     3 ||     6
  Eat: Chunk             |     3 |     1 ||     4
       Ration            |       |     1 ||     1
Armor: Leather armour    |    26 |       ||    26
       Scale mail        |    34 |       ||    34
       Chain mail        |    44 |   153 ||   197
       Skin              |       |    15 ||    15
Dodge: Dodged            |    73 |    40 ||   113
